TOP OF THE 1ST |
Springfield Cardinals batting - Pitching for Mobile BayBears : LHP Sean Zech
|
Pitching: LHP Sean Zech
|
|
Batting: RHB Josh Broome
|
0-0: Ball 1-0: Foul Ball, location: 2F 1-1: Ball 2-1: Called Strike 2-2: Ball 3-2: Strikes out swinging
|
Batting: RHB Jose Rivera
|
0-0: Called Strike 0-1: Fly out, F3 (Popup, 3F, EV 55.6 MPH)
|
Batting: RHB Tyler Walker
|
0-0: Ball 1-0: Called Strike 1-1: Foul Ball, location: 2F 1-2: Ball 2-2: Ball 3-2: Base on Balls
|
Batting: RHB Joe Alley
|
0-0: Ball 1-0: Foul Ball, location: 2F 1-1: Ball 2-1: Foul Ball, location: 2F 2-2: Foul Ball, location: 2F 2-2: Ground out 4-3 (Groundball, 34S, EV 88.8 MPH)
|
Top of the 1st over - 0 runs, 0 hits, 0 errors, 1 left on base; Springfield 0 - Mobile 0 |
BOTTOM OF THE 1ST |
Mobile BayBears batting - Pitching for Springfield Cardinals : RHP Kevon Jamison
|
Pitching: RHP Kevon Jamison
|
|
Batting: RHB Carlos Ballesteros
|
0-0: Ball 1-0: Called Strike 1-1: Ball 2-1: Ground out 5-3 (Groundball, 56S, EV 68.1 MPH)
|
Batting: RHB Yasuo Nakata
|
0-0: Called Strike 0-1: Fly out, F8 (Flyball, 78S, EV 83.8 MPH)
|
Batting: LHB Soo-yeon Kym
|
0-0: Ball 1-0: SINGLE (Groundball, 4M, EV 85.6 MPH) (infield hit)
|
Batting: RHB Blake Beale
|
0-0: Fly out, F7 (Flyball, 7, EV 90.0 MPH)
|
Bottom of the 1st over - 0 runs, 1 hit, 0 errors, 1 left on base; Springfield 0 - Mobile 0 |
TOP OF THE 2ND |
Springfield Cardinals batting - Pitching for Mobile BayBears : LHP Sean Zech
|
Batting: RHB Tommy Boudreaux
|
0-0: Ball 1-0: Called Strike 1-1: Ball 2-1: SINGLE (Groundball, 56S, EV 68.8 MPH) (infield hit)
|
Batting: RHB Kalidas Mishra
|
0-0: Called Strike 0-1: Called Strike 0-2: Ball 1-2: Strikes out looking
|
Batting: RHB Jonathan Davis
|
0-0: Ball 1-0: Ball 2-0: Foul Ball, location: 2F 2-1: Fly out, F8 (Flyball, 8LD, EV 95.6 MPH)
|
Batting: LHB Travis Ruppel
|
0-0: Ball 1-0: Ground out 4-3 (Groundball, 34D, EV 105.6 MPH)
|
Top of the 2nd over - 0 runs, 1 hit, 0 errors, 1 left on base; Springfield 0 - Mobile 0 |
BOTTOM OF THE 2ND |
Mobile BayBears batting - Pitching for Springfield Cardinals : RHP Kevon Jamison
|
Batting: RHB Josh Burrows
|
0-0: Called Strike 0-1: Swinging Strike 0-2: Ball 1-2: Strikes out looking
|
Batting: RHB Will Washburn
|
0-0: Ball 1-0: DOUBLE (Groundball, 3L, EV 110.0 MPH) - OUT at third base trying to stretch hit.
|
Batting: LHB T.J. Duvall
|
0-0: Ball 1-0: Foul Ball, location: 2F 1-1: Ground out 5-3 (Groundball, 5, EV 80.6 MPH)
|
Bottom of the 2nd over - 0 runs, 1 hit, 0 errors, 0 left on base; Springfield 0 - Mobile 0 |
TOP OF THE 3RD |
Springfield Cardinals batting - Pitching for Mobile BayBears : LHP Sean Zech
|
Batting: RHB Austin Akers
|
0-0: Ball 1-0: Called Strike 1-1: Bunt for hit to 15S - play at first, batter OUT! 1-3
|
Batting: RHB Josh Broome
|
0-0: Ball 1-0: Foul Ball, location: 2F 1-1: Called Strike 1-2: Foul Ball, location: 2F 1-2: Foul Ball, location: 2F 1-2: Ball 2-2: Strikes out swinging
|
Batting: RHB Jose Rivera
|
0-0: Ball 1-0: Foul Ball, location: 2F 1-1: Ball 2-1: Ball 3-1: SINGLE (Groundball, 6MD, EV 101.2 MPH)
|
Batting: RHB Tyler Walker
|
0-0: Swinging Strike 0-1: Foul Ball, location: 2F 0-2: Ball 1-2: Ball 2-2: Foul Ball, location: 2F 2-2: Ball 3-2: Base on Balls Jose Rivera to second
|
Batting: RHB Joe Alley
|
0-0: Ball 1-0: Ball 2-0: SINGLE (Groundball, 56D, EV 103.1 MPH) Jose Rivera to third Tyler Walker to second Runner from 3rd tries for Home, SAFE, throw by LF to home Tyler Walker to third Joe Alley to second
|
Batting: RHB Tommy Boudreaux
|
0-0: Called Strike 0-1: Fly out, F7 (Flyball, 7LM, EV 93.8 MPH)
|
Top of the 3rd over - 1 run, 2 hits, 0 errors, 2 left on base; Springfield 1 - Mobile 0 |
BOTTOM OF THE 3RD |
Mobile BayBears batting - Pitching for Springfield Cardinals : RHP Kevon Jamison
|
Batting: RHB Jeremy Adams
|
0-0: Called Strike 0-1: Ball 1-1: SINGLE (Groundball, 56D, EV 98.8 MPH)
|
Batting: RHB Paul Schreiber
|
0-0: Swinging Strike 0-1: Fielders Choice at 2nd, 6-4 (Groundball, 6, EV 83.8 MPH)
|
Batting: RHB Carlos Ballesteros
|
0-0: Called Strike 0-1: Ball 1-1: Ball 2-1: Swinging Strike 2-2: Strikes out swinging
|
Batting: RHB Yasuo Nakata
|
0-0: Ball 1-0: Foul Ball, location: 2F 1-1: Foul Ball, location: 2F 1-2: Ball 2-2: SINGLE (Groundball, 6MS, EV 73.8 MPH) (infield hit) Paul Schreiber to second
|
Batting: LHB Soo-yeon Kym
|
0-0: Ball 1-0: SINGLE (Groundball, 4MD, EV 98.1 MPH) Paul Schreiber to third Yasuo Nakata to second Throwing error, E8 Paul Schreiber scores Yasuo Nakata to third Soo-yeon Kym to second
|
Batting: RHB Blake Beale
|
0-0: DOUBLE (Line Drive, 7LM, EV 95.6 MPH) Yasuo Nakata scores Soo-yeon Kym scores
|
Batting: RHB Josh Burrows
|
0-0: Called Strike 0-1: Ball 1-1: Called Strike 1-2: Ball 2-2: Strikes out swinging
|
Bottom of the 3rd over - 3 runs, 4 hits, 1 error, 1 left on base; Springfield 1 - Mobile 3 |
TOP OF THE 4TH |
Springfield Cardinals batting - Pitching for Mobile BayBears : LHP Sean Zech
|
Batting: RHB Kalidas Mishra
|
0-0: Called Strike 0-1: Fly out, F8 (Line Drive, 8RM, EV 91.9 MPH)
|
Batting: RHB Jonathan Davis
|
0-0: Hit by Pitch
|
Batting: LHB Travis Ruppel
|
0-0: Ball 1-0: Grounds into double play, 6-4-3 (Groundball, 6M, EV 102.5 MPH)
|
Top of the 4th over - 0 runs, 0 hits, 0 errors, 0 left on base; Springfield 1 - Mobile 3 |
BOTTOM OF THE 4TH |
Mobile BayBears batting - Pitching for Springfield Cardinals : RHP Kevon Jamison
|
Batting: RHB Will Washburn
|
0-0: Swinging Strike 0-1: Swinging Strike 0-2: Ball 1-2: Foul Ball, location: 2F 1-2: Ball 2-2: Strikes out swinging
|
Batting: LHB T.J. Duvall
|
0-0: Called Strike 0-1: Swinging Strike 0-2: Ball 1-2: Foul Ball, location: 2F 1-2: Foul Ball, location: 2F 1-2: Foul Ball, location: 2F 1-2: Strikes out looking
|
Batting: RHB Jeremy Adams
|
0-0: SINGLE (Groundball, 4, EV 108.8 MPH) (infield hit)
|
Batting: RHB Paul Schreiber
|
0-0: Ball 1-0: Swinging Strike 1-1: Swinging Strike 1-2: Fly out, F9 (Line Drive, 9S, EV 95.0 MPH)
|
Bottom of the 4th over - 0 runs, 1 hit, 0 errors, 1 left on base; Springfield 1 - Mobile 3 |
TOP OF THE 5TH |
Springfield Cardinals batting - Pitching for Mobile BayBears : LHP Sean Zech
|
Batting: RHB Austin Akers
|
0-0: Foul Ball, location: 2F 0-1: Ground out U3 (Groundball, 34, EV 84.4 MPH)
|
Batting: RHB Josh Broome
|
0-0: Foul Ball, location: 2F 0-1: Ball 1-1: SINGLE (Groundball, 6MD, EV 95.6 MPH)
|
Batting: RHB Jose Rivera
|
0-0: Called Strike 0-1: SINGLE (Groundball, 56D, EV 104.4 MPH) Josh Broome to second
|
Batting: RHB Tyler Walker
|
0-0: Called Strike 0-1: Called Strike 0-2: Foul Ball, location: 2F 0-2: Ball 1-2: Ball 2-2: Ball 3-2: Base on Balls Josh Broome to third Jose Rivera to second
|
Batting: RHB Joe Alley
|
0-0: Ball 1-0: Fly out, F8 (Flyball, 89M, EV 76.9 MPH) Runner from 3rd tags up, SCORES, throw by CF Jose Rivera to third
|
Batting: RHB Tommy Boudreaux
|
0-0: Ball 1-0: Fly out, F7 (Flyball, 7, EV 85.6 MPH)
|
Top of the 5th over - 1 run, 2 hits, 0 errors, 2 left on base; Springfield 2 - Mobile 3 |
BOTTOM OF THE 5TH |
Mobile BayBears batting - Pitching for Springfield Cardinals : RHP Kevon Jamison
|
Batting: RHB Carlos Ballesteros
|
0-0: Ground out 6-3 (Groundball, 6, EV 101.9 MPH)
|
Batting: RHB Yasuo Nakata
|
0-0: Ball 1-0: Ground out U3 (Groundball, 3, EV 81.9 MPH)
|
Batting: LHB Soo-yeon Kym
|
0-0: Ball 1-0: Foul Ball, location: 2F 1-1: Swinging Strike 1-2: Strikes out swinging
|
Bottom of the 5th over - 0 runs, 0 hits, 0 errors, 0 left on base; Springfield 2 - Mobile 3 |
TOP OF THE 6TH |
Springfield Cardinals batting - Pitching for Mobile BayBears : LHP Sean Zech
|
Batting: RHB Kalidas Mishra
|
0-0: Called Strike 0-1: Swinging Strike 0-2: Ball 1-2: Foul Ball, location: 2F 1-2: Ground out 4-3 (Groundball, 4, EV 91.2 MPH)
|
Batting: RHB Jonathan Davis
|
0-0: Ball 1-0: Called Strike 1-1: Foul Ball, location: 2F 1-2: Ball 2-2: Ball 3-2: Fly out, F5 (Popup, 5S, EV 79.4 MPH)
|
Pitching: RHP Jason Hammons
|
|
Batting: LHB Travis Ruppel
|
0-0: Called Strike 0-1: Ball 1-1: Ball 2-1: Ball 3-1: Base on Balls
|
Batting: RHB Austin Akers
|
0-0: Hit by Pitch Travis Ruppel to second
|
Batting: RHB Josh Broome
|
0-0: Called Strike 0-1: Fielders Choice at 2nd, 5-4 (Groundball, 5, EV 108.1 MPH)
|
Top of the 6th over - 0 runs, 0 hits, 0 errors, 2 left on base; Springfield 2 - Mobile 3 |
BOTTOM OF THE 6TH |
Mobile BayBears batting - Pitching for Springfield Cardinals : RHP Kevon Jamison
|
Batting: RHB Blake Beale
|
0-0: Swinging Strike 0-1: Ball 1-1: Called Strike 1-2: Foul Ball, location: 2F 1-2: Foul Ball, location: 2F 1-2: Ball 2-2: Ball 3-2: Reached on error, E4 (Groundball, 4MS, EV 83.1 MPH)
|
Batting: RHB Josh Burrows
|
0-0: Ball 1-0: Called Strike 1-1: Fielders Choice at 2nd, 5-4 (Groundball, 56, EV 77.5 MPH)
|
Batting: RHB Will Washburn
|
0-0: SINGLE (Groundball, 6MD, EV 105.6 MPH) Josh Burrows to second
|
Batting: LHB T.J. Duvall
|
0-0: Called Strike 0-1: Fly out, F7 (Flyball, 7LD, EV 107.5 MPH)
|
Batting: RHB Jeremy Adams
|
0-0: Ball 1-0: Called Strike 1-1: Ball 2-1: Ball 3-1: Ground out 5-3 (Groundball, 56S, EV 78.8 MPH)
|
Bottom of the 6th over - 0 runs, 1 hit, 1 error, 2 left on base; Springfield 2 - Mobile 3 |
TOP OF THE 7TH |
Springfield Cardinals batting - Pitching for Mobile BayBears : RHP Jason Hammons
|
Batting: RHB Jose Rivera
|
0-0: Ball 1-0: Called Strike 1-1: Ball 2-1: Foul Ball, location: 2F 2-2: Ball 3-2: Foul Ball, location: 2F 3-2: SOLO HOME RUN (Flyball, 9D, EV 97.5 MPH), Distance : 383 ft
|
Batting: RHB Tyler Walker
|
0-0: Called Strike 0-1: Foul Ball, location: 2F 0-2: Ball 1-2: Strikes out swinging
|
Batting: RHB Joe Alley
|
0-0: Ball 1-0: Called Strike 1-1: Swinging Strike 1-2: Foul Ball, location: 2F 1-2: Strikes out swinging
|
Batting: RHB Tommy Boudreaux
|
0-0: Ball 1-0: Swinging Strike 1-1: Foul Ball, location: 2F 1-2: Foul Ball, location: 2F 1-2: Strikes out swinging
|
Top of the 7th over - 1 run, 1 hit, 0 errors, 0 left on base; Springfield 3 - Mobile 3 |
BOTTOM OF THE 7TH |
Mobile BayBears batting - Pitching for Springfield Cardinals : RHP Kevon Jamison
|
Batting: RHB Paul Schreiber
|
0-0: Ground out 1-3 (Groundball, 25, EV 65.0 MPH)
|
Batting: RHB Carlos Ballesteros
|
0-0: Ball 1-0: Swinging Strike 1-1: Foul Ball, location: 2F 1-2: Ball 2-2: Foul Ball, location: 2F 2-2: DOUBLE (Line Drive, 78M, EV 108.8 MPH)
|
Batting: RHB Yasuo Nakata
|
0-0: Ball 1-0: Ground out 5-3 (Groundball, 56, EV 101.2 MPH)
|
Batting: LHB Soo-yeon Kym
|
0-0: Intentional Walk
|
Batting: RHB Blake Beale
|
0-0: Ball 1-0: Ball 2-0: Called Strike 2-1: Called Strike 2-2: Ball 3-2: DOUBLE (Line Drive, 7LM, EV 110.6 MPH) Carlos Ballesteros scores Soo-yeon Kym to third Soo-yeon Kym scores
|
Batting: RHB Josh Burrows
|
0-0: Intentional Walk
|
Pitching: RHP Ben Cook
|
|
Batting: RHB Will Washburn
|
0-0: Ball 1-0: Foul Ball, location: 2F 1-1: Ball 2-1: Ball 3-1: Base on Balls Blake Beale to third Josh Burrows to second
|
Batting: LHB T.J. Duvall
|
0-0: Swinging Strike 0-1: Foul Ball, location: 2F 0-2: Strikes out swinging
|
Bottom of the 7th over - 2 runs, 2 hits, 0 errors, 3 left on base; Springfield 3 - Mobile 5 |
TOP OF THE 8TH |
Springfield Cardinals batting - Pitching for Mobile BayBears : RHP Jason Hammons
|
Pitching: RHP Rick Foster
|
|
Batting: RHB Kalidas Mishra
|
0-0: Ball 1-0: Ball 2-0: Foul Ball, location: 2F 2-1: Swinging Strike 2-2: Foul Ball, location: 2F 2-2: Foul Ball, location: 2F 2-2: Ground out 3-1 (Groundball, 13, EV 89.4 MPH)
|
Batting: RHB Jonathan Davis
|
0-0: DOUBLE (Flyball, 8RXD, EV 95.0 MPH)
|
Pitching: LHP Ricky Ramirez
|
|
Pinch Hitting: RHB Josh Lyon
|
0-0: Ball 1-0: Foul Ball, location: 2F 1-1: Ball 2-1: Fly out, F9 (Line Drive, 89M, EV 85.6 MPH)
|
Pitching: LHP Jon Davis
|
|
Batting: RHB Austin Akers
|
0-0: Ball 1-0: Swinging Strike 1-1: Fly out, F9 (Line Drive, 9, EV 110.0 MPH)
|
Top of the 8th over - 0 runs, 1 hit, 0 errors, 1 left on base; Springfield 3 - Mobile 5 |
BOTTOM OF THE 8TH |
Mobile BayBears batting - Pitching for Springfield Cardinals : RHP Ben Cook
|
Now in LF: Tommy Boudreaux
|
|
Now in RF: Jose Jimenez
|
|
Batting: RHB Jeremy Adams
|
0-0: Ball 1-0: Called Strike 1-1: Called Strike 1-2: Ball 2-2: Strikes out swinging
|
Batting: RHB Paul Schreiber
|
0-0: Ground out 6-3 (Groundball, 6, EV 100.6 MPH)
|
Batting: RHB Carlos Ballesteros
|
0-0: Called Strike 0-1: SINGLE (Flyball, 7LS, EV 90.0 MPH)
|
Batting: RHB Yasuo Nakata
|
0-0: Called Strike 0-1: Called Strike Carlos Ballesteros steals 2nd base 0-2: Strikes out swinging
|
Bottom of the 8th over - 0 runs, 1 hit, 0 errors, 1 left on base; Springfield 3 - Mobile 5 |
TOP OF THE 9TH |
Springfield Cardinals batting - Pitching for Mobile BayBears : LHP Jon Davis
|
Batting: RHB Josh Broome
|
0-0: Called Strike 0-1: Fly out, F7 (Line Drive, 78M, EV 107.5 MPH)
|
Batting: RHB Jose Rivera
|
0-0: Ball 1-0: Foul Ball, location: 2F 1-1: Ball 2-1: Foul Ball, location: 2F 2-2: SINGLE (Line Drive, 9LS, EV 112.5 MPH)
|
Batting: RHB Tyler Walker
|
0-0: Ball 1-0: Grounds into double play, 5-4-3 (Groundball, 56S, EV 84.4 MPH)
|
Top of the 9th over - 0 runs, 1 hit, 0 errors, 0 left on base; Springfield 3 - Mobile 5 |
|